 Dungeon Crawl Stone Soup version 0.27-a0-1191-g601b473118 (webtiles) character file.

Game seed: 11123925339556669474

63257 Sobieck the Phalangite (level 15, -12/115 HPs)
             Began as a Merfolk Monk on May 23, 2021.
             Was an Elder of Qazlal.
             Mangled by Jorgrun
             ... wielding a staff of earth
              (16 damage)
             ... on level 9 of the Dungeon.
             The game lasted 01:09:14 (23116 turns).

Sobieck the Phalangite (Merfolk Monk)              Turns: 23116, Time: 01:09:15

Health: -12/115    AC: 11    Str: 16    XL:     15   Next: 9%
Magic:  0/32       EV: 20    Int: 11    God:    Qazlal [****..]
Gold:   1048       SH:  5    Dex: 28    Spells: 14/14 levels left

rFire    . . .     SeeInvis +   Y - +1 bardiche {polearm}
rCold    . . .     Faith    .   (shield currently unavailable)
rNeg     . . .     Spirit   +   X - +0 troll leather armour
rPois    .         Reflect  .   F - +2 helmet {SInv}
rElec    .         Harm     .   (no cloak)
rCorr    .         Rampage  .   W - +1 pair of gloves {Dex+3}
Will     +....                  m - +1 pair of boots
Stlth    ++........             L - amulet of guardian spirit
HPRegen  1.29/turn              D - ring of magical power
MPRegen  0.23/turn              U - ring "Etuch" {Str+2 Dex+6 Slay+2}

@: grasped by roots, constricted, repel missiles
A: (nimble swimmer 2), mertail
a: Renounce Religion, Upheaval, Elemental Force


You were on level 9 of the Dungeon.
You worshipped Qazlal.
Qazlal was greatly pleased with you.
You visited 3 branches of the dungeon, and saw 18 of its levels.
You also visited: Bailey.

You collected 1592 gold pieces.
You spent 544 gold pieces at shops.


Innate Abilities, Weirdness & Mutations

((You are quick and stealthy near water. (Stealth+, EV+, Speed+++)))
Your lower body shifts to a powerful aquatic tail in water.


   Skills:
 + Level 10.1 Fighting
 - Level 26.0 Polearms
 + Level 11.7 Dodging
 - Level 2.1 Stealth
 + Level 10.7 Invocations


You had 14 spell levels left.
You didn't know any spells.
Your spell library contained the following spells:

 Spells                   Type           Power      Damage    Failure   Level
 Magic Dart               Conj           0%         1d3       41%         1
 Blink                    Tloc           N/A        N/A       54%         2
 Call Imp                 Summ           0%         N/A       54%         2
 Slow                     Hex            0%         N/A       54%         2
 Conjure Flame            Conj/Fire      0%         6-21      78%         3
 Mephitic Cloud           Conj/Pois/Air  0%         N/A       78%         3
 Bolt of Magma            Conj/Fire/Erth 0%         4d4       100%        5
 Iskenderun's Battlesphe  Conj           0%         2d6       100%        5
 Iron Shot                Conj/Erth      0%         9d1       100%        6
 Orb of Destruction       Conj           0%         N/A       100%        7
 Spellforged Servitor     Conj/Summ      0%         N/A       100%        7

Inventory:

Hand Weapons
 a - a +4 glaive of venom {polearm}
   (You acquired it on level 2 of the Lair of Beasts)
 b - the +2 shortbow "Orb Guardian's Death" {freeze, +Blink rF+ rC+ Stlth-, bow}
   (You found it on level 5 of the Lair of Beasts)

   It causes projectiles fired from it to freeze those they strike, causing
   extra injury to most foes and up to half again as much damage against
   particularly susceptible opponents.
   They can also slow down cold-blooded creatures.
   It protects you from fire.
   It protects you from cold.
   It lets you blink.
   It makes you less stealthy.
 i - a +2 long sword {long}
   (You took it off an orc knight on level 9 of the Dungeon)
 r - a +4 hunting sling of freezing {sling}
   (You took it off a gnoll sergeant in a bailey)
 J - the +8 dagger of the Stork {flame, rPois Int-4 Dex+10, short}
   (You took it off a gnoll in a bailey)

   It has been specially enchanted to burn those struck by it, causing extra
   injury to most foes and up to half again as much damage against particularly
   susceptible opponents.
   It affects your intelligence (-4).
   It affects your dexterity (+10).
   It protects you from poison.
 Y - a +1 bardiche (weapon) {polearm}
   (You took it off a gnoll sergeant in a bailey)
Missiles
 d - 114 sling bullets
 h - 404 stones {throwing}
 j - 12 throwing nets {=f!fthrowing}
 p - 240 arrows
 t - 15 boomerangs (quivered) {throwing}
 u - 6 javelins {throwing}
 w - 11 silver javelins {throwing}
 K - 4 atropa-tipped darts {throwing}
 P - a curare-tipped dart {=fthrowing}
 Q - 25 poisoned darts {throwing}
Armour
 m - a +1 pair of boots (worn)
   (You found it on level 1 of the Dungeon)
 F - a +2 helmet of see invisible (worn)
   (You bought it in a shop on level 8 of the Dungeon)
 W - a +1 pair of gloves of dexterity (worn)
   (You acquired it on level 1 of the Lair of Beasts)
 X - a +0 troll leather armour (worn)
   (You found it on level 9 of the Dungeon)
Jewellery
 D - a ring of magical power (left hand)
   (You found it on level 5 of the Dungeon)
 L - an amulet of guardian spirit (around neck)
   (You found it on level 2 of the Lair of Beasts)
 U - the ring "Etuch" (right hand) {Str+2 Dex+6 Slay+2}
   (You took it off an orc on level 9 of the Dungeon)

   [ring of dexterity]

   It affects your strength (+2).
   It affects your dexterity (+6).
   It affects your accuracy and damage with ranged weapons and melee attacks
   (+2).
 Z - the ring "Jagix" {rC+ Will++}
   (You found it on level 6 of the Lair of Beasts)

   [ring of protection from cold]

   It protects you from cold.
   It greatly increases your willpower.
Wands
 y - a wand of flame (105)
   (You found it on level 5 of the Dungeon)
 C - a wand of iceblast (4)
   (You found it on level 4 of the Lair of Beasts)
 E - a wand of polymorph (7)
   (You found it on level 6 of the Dungeon)
 M - a wand of acid (8)
   (You found it on level 2 of the Lair of Beasts)
 N - a wand of charming (9)
   (You found it on level 8 of the Dungeon)
Scrolls
 c - 3 scrolls of amnesia
 e - a scroll of summoning
 f - a scroll of magic mapping {!r}
 n - 2 scrolls of fog
 o - 3 scrolls of identify {@r1}
 O - a scroll of fear
 R - 5 scrolls of teleportation {@r4}
Potions
 g - 2 potions of resistance
 k - 2 potions of flight
 l - 2 potions of lignification {!q}
 q - 3 potions of brilliance
 s - a potion of haste {@q3}
 v - a potion of might
 x - a potion of ambrosia
 z - a potion of cancellation
 B - 7 potions of curing {@q1}
 G - 2 potions of heal wounds {@q2}
 I - a potion of berserk rage {!q}
 S - a potion of invisibility
 T - a potion of magic
Miscellaneous
 A - a phantom mirror
   (You found it on level 9 of the Dungeon)
 H - a box of beasts
   (You found it on level 3 of the Lair of Beasts)

Dungeon Overview and Level Annotations

Branches:
Dungeon (11/15)            Temple (0/1) D:4            Lair (6/6) D:9
  Swamp (0/4) Lair:2        Snake (0/4) Lair:2        Slime (0/5) Lair:5
    Orc (1/2) D:9          Bailey (visited)

Altars:
Gozag
Kikubaaqudgha
Nemelex Xobeh
Okawaru
Qazlal
Sif Muna
Vehumet
Wu Jian
Xom
Yredelemnul
Beogh
Jiyva

Shops:
D:8 [

Annotations:
D:2 exclusion: downstairs
D:9 Jorgrun
D:10 1 transporter

....[)################.####...#
...###).[............####.....#
.#.#.#.#).#.....##.#.####.#...#
........[)).....).......#.....#
#####....##8'8#####8'8##......#
♣.♣.#....#......8......#...##.#
.♣.♣#....#.....○.......#......#
♣.♣.#....#...⌠§._..⌠...#.[..<.#
.♣.♣#..#.#....○g@[.....#....#.#
♣.♣.#..#.#.....[>○.....#....#.#
#.♣♣#....###############......#
♣.♣♣#.......#.'...............#
≈≈.♣#..#....#.#.#...#..#..#...#
♣.≈♣#.....#.#.#...............#
♣♣♣≈#.......###...............#
♣.≈♣#(#########.#..#...#..###.#
♣≈.♣#.#.......#..=............#


You could see Jorgrun.


Message History

The bolt of negative energy is repelled.
Jorgrun hits you with a staff of earth!
The orc priest mumbles some strange prayers to Beogh against you.
Beogh smites you!
You climb upwards.
Welcome back to the Dungeon!
There is a staircase to the Orcish Mines, spattered with blood here. 😕 HP[-15] MP[-5]
You take 15 damage, and now have 93/115 hp.
You lost 5 mp, and now have 26/32 mp.
You closely miss Jorgrun. You block the warg's attack.
Jorgrun hits you with a staff of earth! Jorgrun shatters you. 😮 HP[-8] MP[-3]
You take 8 damage, and now have 85/115 hp.
You lost 3 mp, and now have 23/32 mp.
You hit the warg.
The warg closely misses you. 😮 HP[+1] MP[+1]
You completely miss the warg. Jorgrun hits you with a staff of earth.
Jorgrun shatters you! The warg bites you. 😮 HP[-13] MP[-5]
You take 13 damage, and now have 73/115 hp.
You lost 5 mp, and now have 19/32 mp.
You slice the warg!! The warg bites you.
You block Jorgrun's attack. 😮 HP[-4] MP[-1]
You take 4 damage, and now have 69/115 hp.
You lost 1 mp, and now have 18/32 mp.
You slice the warg!!
You kill the warg!
Qazlal accepts your kill. 😮 HP[+1]
You hit Jorgrun but do no damage.
Jorgrun says, "May tha earth consume ye!"
Jorgrun completely misses you.
You slash Jorgrun! Jorgrun completely misses you. 😮 HP[+1]
You slash Jorgrun! Jorgrun completely misses you. 😮 HP[+1]
You slash Jorgrun! 😮 HP[+1] MP[+1]
You slash Jorgrun! Jorgrun casts a spell at you.
You resist with significant effort. 😮 HP[+1]
You barely miss Jorgrun.
Jorgrun points at you and mumbles some strange words.
The iron shot hits you!! 😮 HP[-14] MP[-4]
You take 14 damage, and now have 60/115 hp.
You lost 4 mp, and now have 15/32 mp.
Jorgrun misses you. 😮 HP[+1]
You closely miss Jorgrun. 😮 HP[+1]
You hit Jorgrun.
Jorgrun points at you and mumbles some strange words.
You are slowing down. 😮 HP[+1] MP[+1]
You slice Jorgrun!! Jorgrun hits you with a staff of earth.
Your limbs are stiffening. 😮 HP[+1]
You closely miss Jorgrun.
Jorgrun hits you but does no damage. 😮 HP[+2]
You regained 2 hp, and now have 66/115 hp.
Unknown command.
You slice Jorgrun!!
Jorgrun says, "Tha earth be me home, an' ye be trespassing!"
Jorgrun gestures at you while chanting.
Your limbs have turned to stone.
You have turned to stone.
Jorgrun hits you with a staff of earth! Jorgrun shatters you!
Jorgrun gestures at you while chanting. The iron shot hits you!!!
* * * LOW HITPOINT WARNING * * *
Jorgrun hits you with a staff of earth!
* * * LOW HITPOINT WARNING * * *
Jorgrun is struck by lightning.
Jorgrun points at you and mumbles some strange words.
Roots burst forth from the earth!
The grasping roots grab you!
* * * LOW HITPOINT WARNING * * *
The grasping roots constrict you! Jorgrun hits you with a staff of earth!
* * * LOW HITPOINT WARNING * * *
Jorgrun shatters you!
* * * LOW HITPOINT WARNING * * *
x2 The grasping roots constrict you!
Jorgrun hits you with a staff of earth. Jorgrun shatters you!
* * * LOW HITPOINT WARNING * * *
x2 The grasping roots constrict you!
Jorgrun hits you with a staff of earth!
* * * LOW HITPOINT WARNING * * *
x2 The grasping roots constrict you.
Jorgrun hits you with a staff of earth!
* * * LOW HITPOINT WARNING * * *
x2 The grasping roots constrict you!
Jorgrun hits you with a staff of earth!
* * * LOW HITPOINT WARNING * * *
x2 The grasping roots constrict you!
You turn to flesh and can move again.
You hit Jorgrun but do no damage.
Jorgrun is engulfed in blazing flames.
You block Jorgrun's attack.
You die...

Skill      XL: |  1  2  3  4  5  6  7  8  9 10 11 12 13 14 15 |
---------------+----------------------------------------------+-----
Polearms       | 5 6 7 8 9 10 12 15 17 18 20 23 26 | 26.0
Invocations    | 2 3 5 7 9 10 | 10.7
Fighting       | 5 7 9 10 | 10.1
Dodging        | 6 8 10 11 | 11.7
Stealth        | |  2.1

Action                   |  1- 3 |  4- 6 |  7- 9 | 10-12 | 13-15 || total
-------------------------+-------+-------+-------+-------+-------++-------
Melee: Spear             |   105 |   116 |       |       |       ||   221
       Halberd           |       |    54 |   337 |   386 |       ||   777
       Glaive            |       |       |       |   343 |   432 ||   775
       Trident           |       |       |       |     8 |       ||     8
       Dagger            |       |       |       |     2 |     9 ||    11
       Bardiche          |       |       |       |       |   134 ||   134
       Battleaxe         |       |       |       |       |     5 ||     5
       Tailslap          |       |       |       |       |     2 ||     2
 Fire: Hunting sling     |    36 |    14 |    10 |       |       ||    60
       Shortbow          |       |       |     7 |     4 |     8 ||    19
Throw: Stone             |     2 |       |     1 |       |       ||     3
       Boomerang         |       |       |       |     7 |     7 ||    14
Invok: Upheaval          |       |       |     2 |     1 |       ||     3
       Elemental Force   |       |       |       |     5 |     6 ||    11
Evoke: Wand              |       |       |       |     6 |     3 ||     9
  Use: Scroll            |       |     9 |     8 |    14 |     5 ||    36
       Potion            |       |       |     1 |     1 |       ||     2
 Stab: Sleeping          |     3 |     2 |       |       |       ||     5
       Petrified         |       |       |       |       |     2 ||     2
Armor: Robe              |    18 |     6 |       |       |       ||    24
       Ring mail         |       |    15 |    85 |    86 |       ||   186
       Scale mail        |       |       |       |     3 |       ||     3
       Troll leather arm |       |       |       |    46 |   152 ||   198
Dodge: Dodged            |    38 |    71 |   159 |   420 |   640 ||  1328
       Repelled          |       |       |       |     2 |     9 ||    11
Block: Other             |       |     8 |    30 |   112 |   157 ||   307

Levels and vault maps discovered:
D:1:      nagdon_arrival_double_spiral, layout_loops_cross
D:2:      layout_basic, basic_ecumenical_altar, basic_altar
D:3:      layout_basic, amcnicky_altar_gilded, minivault_4
D:4:      layout_loops_ring, grunt_temple_overflow_opulence,
          nicolae_kikubaaqudgha_miasma_corner, temple_hall, kennysheep_nub
D:5:      layout_loops_corners, kennysheep_mini, minmay_misc_feat_encased
D:6:      layout_rooms, general_overflow_altar
D:7:      layout_basic, nzn_wu_jian_contemplation, old_standard_altar,
          enter_bailey_1, uniq_joseph, uniq_prince_ribbit1
D:8:      layout_loops_cross, lemuel_round_altar, overflow_temple_1_default,
          serial_shops, nicolae_shop_overgrown_old_shop
D:9:      nzn_winding_woodlands_medium [nzn_winding_woodlands_5x5_default,
          nzn_winding_woodlands_5x15_sawtooth, nzn_winding_woodlands_5x5_three,
          nzn_winding_woodlands_5x5_open_star,
          nzn_winding_woodlands_center_garden, nzn_winding_woodlands_hourglass,
          nzn_winding_woodlands_5x5_closed_star,
          nzn_winding_woodlands_5x15_lazy_stream,
          nzn_winding_woodlands_5x5_checkerboard], layout_stronghold,
          david_lair_shrubbed, david_orc_5, dk_vineyard_2, corexii_corridor_pit,
          uniq_erolcha
D:10:     layout_cross, nicolae_overflow_crystal_walls,
          gammafunk_temple_overflow_arena, onia_ninara_cookie
D:11:     layout_basic, serial_aquarium, aquarium_bridge_square
          [aquarium_subvault_wall, aquarium_subvault_bridge,
          aquarium_subvault_wall, aquarium_subvault_window], aquarium_window_1,
          aquarium_window_fake, aquarium_window_fake, aquarium_view_4,
          uniq_sonja
Lair:1:   minmay_lair_venomous_thicket, layout_chaotic_city, kennysheep_rathole
Lair:2:   layout_chaotic_city, minmay_swamp_entry_worms,
          guppyfry_snake_entry_garden, uniq_harold
Lair:3:   cheibrodos_lair_overgrown_chateau, layout_big_grid,
          grunt_forest_large_clearings, uniq_nergalle
Lair:4:   layout_long_grid
Lair:5:   layout_layer_cave, slime_altar_1, nicolae_volcano_entry_batcave,
          serial_bayou_shore_a
Lair:6:   gammafunk_lair_ancient_temple, layout_regular_city, st_stairs_3
Orc:1:    layout_caves, uniq_jorgrun

Notes
Turn   | Place    | Note
-------+----------+-------------------------------------------
     0 | D:1      | Sobieck the Merfolk Monk began the quest for the Orb.
     0 | D:1      | Reached XP level 1. HP: 18/18 MP: 1/1
     0 | D:1      | magus.rc [v1.9.6]
   158 | D:1      | Reached skill level 5 in Polearms
   230 | D:1      | Reached XP level 2. HP: 22/24 MP: 2/2
   996 | D:2      | Found a faded altar of an unknown god.
  1087 | D:2      | Reached skill level 6 in Polearms
  1087 | D:2      | Reached XP level 3. HP: 29/29 MP: 3/3
  1141 | D:2      | Found a shimmering altar of Xom.
  1658 | D:2      | Reached skill level 7 in Polearms
  1658 | D:2      | Reached XP level 4. HP: 29/35 MP: 4/4
  2496 | D:3      | Reached skill level 8 in Polearms
  2496 | D:3      | Reached XP level 5. HP: 38/41 MP: 5/5
  2555 | D:3      | Found a stormy altar of Qazlal.
  2580 | D:3      | Became a worshipper of Qazlal Stormbringer
  2580 | D:3      | Reached * piety under Qazlal
  2580 | D:3      | Reached ** piety under Qazlal
  2770 | D:3      | Reached skill level 1 in Invocations
  3207 | D:3      | You pick up a book of Minor Magic and begin reading...
  3207 | D:3      | You add the spells Magic Dart, Blink, Call Imp, Slow,
                  | Conjure Flame and Mephitic Cloud to your library.
  3300 | D:4      | Reached skill level 2 in Invocations
  3425 | D:4      | Reached XP level 6. HP: 47/47 MP: 7/7
  3617 | D:4      | Found an ancient bone altar of Kikubaaqudgha.
  3712 | D:5      | Entered Level 5 of the Dungeon
  3796 | D:4      | Found a staircase to the Ecumenical Temple.
  3973 | D:4      | Found an opulent altar of Gozag.
  3974 | D:4      | Found a sparkling altar of Nemelex Xobeh.
  3980 | D:4      | Reached skill level 9 in Polearms
  4188 | D:5      | Reached skill level 3 in Invocations
  4329 | D:5      | Reached XP level 7. HP: 24/52 MP: 9/9
  4645 | D:6      | Reached skill level 4 in Invocations
  4797 | D:6      | Reached skill level 10 in Polearms
  5095 | D:6      | Reached skill level 5 in Invocations
  5210 | D:5      | Reached XP level 8. HP: 58/58 MP: 10/12
  5213 | D:5      | Reached skill level 11 in Polearms
  5224 | D:5      | HP: 14/58 [poisoned by a killer bee]
  5227 | D:5      | Reached skill level 6 in Invocations
  5229 | D:5      | HP: 10/58 [poisoned by a killer bee]
  5591 | D:5      | Found an iron altar of Okawaru.
  5962 | D:6      | You pick up a book of Power and begin reading...
  5962 | D:6      | You add the spells Iskenderun's Battlesphere, Bolt of
                  | Magma, Iron Shot, Orb of Destruction and Spellforged
                  | Servitor to your library.
  6132 | D:7      | Noticed Joseph
  6142 | D:7      | Killed Joseph
  6143 | D:7      | Reached skill level 12 in Polearms
  6143 | D:7      | Reached skill level 7 in Invocations
  6262 | D:6      | Reached XP level 9. HP: 64/64 MP: 14/14
  6385 | D:7      | Found a flagged portal.
  6391 | Bailey   | Entered a bailey
  6407 | Bailey   | Reached skill level 13 in Polearms
  6744 | Bailey   | Identified the +8 dagger of the Stork {flame, rPois Int-4
                  | Dex+10}
  6808 | Bailey   | Reached skill level 8 in Invocations
  7116 | Bailey   | Reached skill level 14 in Polearms
  7139 | Bailey   | Reached *** piety under Qazlal
  7479 | D:6      | You fall into a shaft and drop 1 floor!
  7482 | D:7      | Found a radiant altar of Vehumet.
  7621 | D:6      | Found a basalt altar of Yredelemnul.
  8052 | D:7      | Found an ornate altar of the Wu Jian Council.
  8202 | D:7      | Noticed Prince Ribbit
  8220 | D:7      | Killed Prince Ribbit
  8221 | D:7      | Reached skill level 15 in Polearms
  8221 | D:7      | Reached skill level 9 in Invocations
  8221 | D:7      | Reached XP level 10. HP: 60/70 MP: 16/16
  9515 | D:8      | Found a shimmering blue altar of Sif Muna.
  9644 | D:8      | Found Juril's Antique Armour Emporium.
  9651 | D:8      | Bought a glowing helmet for 247 gold pieces
  9651 | D:8      | Bought an ichor-stained scale mail for 297 gold pieces
  9651 | D:8      | Identified the +5 scale mail "Kuedi" {-Tele rF+ Dex+9} (You
                  | bought it in a shop on level 8 of the Dungeon)
  9688 | D:8      | Found a shimmering altar of Xom.
 10234 | D:9      | Noticed a two-headed ogre
 10235 | D:9      | Reached skill level 16 in Polearms
 10241 | D:9      | Killed a two-headed ogre
 10242 | D:9      | Reached skill level 4 in Fighting
 10242 | D:9      | Reached skill level 5 in Dodging
 10348 | D:9      | Found a staircase to the Lair.
 10660 | D:10     | Entered Level 10 of the Dungeon
 10951 | D:9      | Reached skill level 10 in Invocations
 11163 | D:9      | Found a staircase to the Orcish Mines.
 11182 | D:9      | Reached **** piety under Qazlal
 11406 | D:9      | Noticed a deep elf pyromancer
 11410 | D:9      | Noticed Erolcha
 11421 | D:9      | Killed a deep elf pyromancer
 11422 | D:9      | Reached skill level 5 in Fighting
 11422 | D:9      | Reached skill level 17 in Polearms
 11422 | D:9      | Reached skill level 6 in Dodging
 11422 | D:9      | Reached XP level 11. HP: 79/79 MP: 18/18
 11434 | D:9      | Killed Erolcha
 11612 | D:9      | Reached skill level 7 in Dodging
 11855 | D:9      | Noticed a wolf spider
 11865 | D:9      | Killed a wolf spider
 11866 | D:9      | Reached skill level 6 in Fighting
 12731 | D:9      | Reached skill level 18 in Polearms
 12752 | D:9      | Identified the ring "Etuch" {Str+2 Dex+6 Slay+2}
 12887 | D:9      | Noticed a seven-headed hydra
 12897 | D:9      | HP: 18/83 [seven-headed hydra (12)]
 12897 | D:9      | HP: 6/83 [seven-headed hydra (12)]
 12906 | D:9      | Killed a seven-headed hydra
 12907 | D:9      | Reached skill level 8 in Dodging
 13128 | D:9      | Noticed an alligator
 13139 | D:9      | Killed an alligator
 13284 | D:9      | Noticed a cyclops
 13299 | D:9      | Killed a cyclops
 13300 | D:9      | Reached skill level 7 in Fighting
 14160 | D:10     | Found a transporter.
 14382 | D:10     | Reached XP level 12. HP: 88/91 MP: 19/19
 14441 | Lair:1   | Entered Level 1 of the Lair of Beasts
 14455 | D:9      | Reached skill level 9 in Dodging
 14541 | Lair:1   | Reached skill level 19 in Polearms
 14996 | Lair:1   | Noticed a five-headed hydra
 15006 | Lair:1   | Killed a five-headed hydra
 15209 | D:9      | Reached skill level 8 in Fighting
 15354 | Lair:1   | Identified a scroll of acquirement
 15354 | Lair:1   | Acquired a +1 pair of gloves of dexterity
 15782 | Lair:2   | Reached skill level 10 in Dodging
 15852 | Lair:2   | Found a staircase to the Snake Pit.
 15895 | Lair:2   | Noticed Harold
 16041 | Lair:1   | Killed Harold
 16261 | Lair:2   | Reached skill level 20 in Polearms
 16354 | Lair:2   | Identified the +6 war axe "Jigeler" {vorpal, *Corrode Will+
                  | Int+4}
 16373 | Lair:2   | Found a staircase to the Swamp.
 16402 | Lair:2   | Acquired a +4 glaive of venom
 16731 | Lair:2   | Reached skill level 9 in Fighting
 17237 | Lair:2   | Reached XP level 13. HP: 63/101 MP: 13/20
 17329 | Lair:3   | Reached skill level 21 in Polearms
 17585 | Lair:3   | Noticed Nergalle
 17670 | Lair:3   | Killed Nergalle
 17744 | Lair:3   | Reached skill level 22 in Polearms
 18381 | Lair:4   | Reached skill level 23 in Polearms
 18457 | Lair:4   | You fall into a shaft and drop 1 floor!
 18586 | Lair:4   | magus.rc [v1.9.6]
 18935 | Lair:4   | HP: 19/101 [eight-headed hydra (7)]
 19226 | Lair:4   | Reached XP level 14. HP: 82/108 MP: 21/21
 19489 | Lair:5   | Identified the +2 shortbow "Orb Guardian's Death" {freeze,
                  | +Blink rF+ rC+ Stlth-}
 19504 | Lair:5   | Reached skill level 24 in Polearms
 20067 | Lair:5   | Found a staircase to the Slime Pits.
 20068 | Lair:5   | Found a viscous altar of Jiyva.
 20376 | Lair:6   | Entered Level 6 of the Lair of Beasts
 20745 | Lair:5   | Reached skill level 25 in Polearms
 21333 | Lair:6   | Reached skill level 26 in Polearms
 21389 | Lair:6   | Reached skill level 11 in Dodging
 22086 | Lair:6   | Identified the ring "Jagix" {rC+ Will++}
 22634 | Orc:1    | Entered Level 1 of the Orcish Mines
 22634 | Orc:1    | Noticed an orc warlord
 22635 | Orc:1    | Noticed Jorgrun
 22647 | D:9      | Reached XP level 15. HP: 63/115 MP: 17/22
 22718 | D:9      | Killed an orc warlord
 22763 | D:9      | Reached skill level 10 in Fighting
 23111 | D:9      | HP: 25/115 [Jorgrun/staff of earth (4)]
 23114 | D:9      | HP: 11/115 [Jorgrun/staff of earth (4)]
 23115 | D:9      | HP: 3/115 [Jorgrun/staff of earth (4)]
 23116 | D:9      | Mangled by Jorgrun

Vanquished Creatures
  An orc warlord (D:9)
  Harold (Lair:1)
  Erolcha (D:9)
  7 hydras
  2 catoblepae
  A merfolk avatar (Lair:6)
  A two-headed ogre (D:9)
  An alligator (shapeshifter) (D:9)
  12 death yaks
  Nergalle (Lair:3)
  A lindwurm (Lair:3)
  A harpy (Lair:6)
  A deep elf pyromancer (D:9)
  An orc knight (D:9)
  An orc sorcerer (D:9)
  A wolf spider (D:9)
  A cyclops (D:9)
  22 elephants
  A manticore (Lair:6)
  Joseph (D:7)
  8 black mambas
  8 cane toads
  7 rime drakes
  14 komodo dragons
  2 trolls (D:9)
  4 polar bears
  A wind drake (Lair:6)
  3 hornets
  A tyrant leech (Lair:2)
  Prince Ribbit (D:7)
  A slime creature (D:9)
  4 blink frogs (Lair:4)
  17 yaks
  11 wyverns
  2 wraiths
  3 fire bats (Lair:5)
  A steam dragon (D:9)
  A basilisk (Lair:3)
  3 acid dragons
  2 nagas (Lair:2)
  18 water moccasins
  3 wargs (D:9)
  2 swamp worms (Lair:2)
  12 orc warriors
  An ice beast (D:8)
  3 black bears
  A sky beast (D:5)
  9 centaurs
  41 wolves
  A phantom (D:6)
  A kobold brigand (D:9)
  10 bullfrogs
  10 gnoll sergeants
  2 scorpions
  A water moccasin zombie (D:7)
  2 water moccasin skeletons (D:6)
  12 killer bees
  4 wights
  An electric eel (Lair:5)
  4 centaur zombies
  3 jellies (D:6)
  A bullfrog zombie (D:5)
  7 hounds
  9 orc priests
  6 gnoll shamans (Bailey)
  A centaur skeleton (D:5)
  2 iguanas
  14 orc wizards
  A hell rat (Lair:1)
  A killer bee zombie (D:7)
  A howler monkey zombie (D:9)
  18 adders
  22 gnolls
  4 river rats (Lair:1)
  A shadow imp (D:8)
  2 ufetubi
  2 worms (D:2)
  A dart slug (D:5)
  54 orcs
  A ball python (D:1)
  6 bats
  6 endoplasms
  6 giant cockroaches
  9 goblins
  6 hobgoblins
  3 jackals (D:2)
  10 kobolds
  4 quokkas
  3 frilled lizards
  5 rats
500 creatures vanquished.

Vanquished Creatures (collateral kills)
  5 hydras
  A polar bear (D:9)
  A blink frog (Lair:4)
  An orc warrior (D:9)
  3 wolves
  A centaur (D:9)
  A wight (D:7)
  A hell rat (Lair:1)
  3 river rats (Lair:1)
17 creatures vanquished.

Vanquished Creatures (others)
  A cane toad (Lair:6)
  24 fungi
  165 plants
190 creatures vanquished.

Grand Total: 707 creatures vanquished

Table legend:
 A = Non-vault XP
 B = Vault XP
 C = Vault XP percentage of total XP
 D = Non-vault monster count
 E = Vault monster count
 F = Vault count percentage of total count
                 A         B        C        D         E       F
            +---------+---------+-------+---------+---------+-------
      Total |   57881 |   32487 |  35.9 |     333 |     185 |  35.7
            +---------+---------+-------+---------+---------+-------
        D:1 |      28 |       0 |   0.0 |      17 |       0 |   0.0
        D:2 |      69 |       0 |   0.0 |      22 |       0 |   0.0
        D:3 |     166 |       0 |   0.0 |      21 |       0 |   0.0
        D:4 |     172 |       0 |   0.0 |      10 |       0 |   0.0
        D:5 |     813 |       0 |   0.0 |      24 |       0 |   0.0
        D:6 |     845 |       0 |   0.0 |      21 |       0 |   0.0
        D:7 |     803 |     754 |  48.4 |      18 |       2 |  10.0
        D:8 |    1253 |       0 |   0.0 |      25 |       0 |   0.0
        D:9 |    8171 |    8616 |  51.3 |      47 |      64 |  57.7
       D:10 |     749 |       0 |   0.0 |      10 |       0 |   0.0
     Lair:1 |    3899 |    1163 |  23.0 |      16 |      13 |  44.8
     Lair:2 |    4431 |    3297 |  42.7 |      16 |      18 |  52.9
     Lair:3 |    5051 |    6938 |  57.9 |      10 |      29 |  74.4
     Lair:4 |    9584 |       0 |   0.0 |      28 |       0 |   0.0
     Lair:5 |   13388 |    5184 |  27.9 |      27 |      14 |  34.1
     Lair:6 |    8423 |    5330 |  38.8 |      20 |      15 |  42.9
      Orc:1 |      36 |       0 |   0.0 |       1 |       0 |   0.0
     Bailey |       0 |    1205 | 100.0 |       0 |      30 | 100.0
            +---------+---------+-------+---------+---------+-------

Illustrated notes

Table legend:
 A = Kills in this place as a percentage of kills in entire the game.
 B = Kills by you in this place as a percentage of kills by you in the entire game.
 C = Kills by friends in this place as a percentage of kills by friends in the entire game.
 D = Other kills in this place as a percentage of other kills in the entire game.
 E = Experience gained in this place as a percentage of experience gained in the entire game.
 F = Experience gained in this place divided by the number of levels of this place that you have seen.
                   A       B       C       D       E      F
               +-------+-------+-------+-------+-------+----------------------
         Total | 100.0 | 100.0 | 100.0 | 100.0 | 100.0 | 4756.2
       Dungeon |  54.2 |  54.8 |  41.2 |   0.0 |  24.8 | 2039.9
          Lair |  39.8 |  39.0 |  58.8 | 100.0 |  73.8 | 11114.7
  Orcish Mines |   0.2 |   0.2 |   0.0 |   0.0 |   0.0 |  36.0
        Bailey |   5.8 |   6.0 |   0.0 |   0.0 |   1.3 | 1205.0
               +-------+-------+-------+-------+-------+----------------------

Table legend: (Time is in decaauts)
 A = Elapsed time spent in this place.
 B = Non-inter-level travel time spent in this place.
 C = Inter-level travel time spent in this place.
 D = Time resting spent in this place.
 E = Time spent auto-exploring this place.
 F = Levels seen in this place.
 G = Mean time per level.
                   A        B        C        D        E       F      G
               +--------+--------+--------+--------+--------+-----+--------+
         Total |  22639 |  21173 |   1466 |   5494 |  10112 |  19 | 1191.5 |
       Dungeon |  14065 |  13076 |    989 |   4032 |   6477 |  11 | 1278.6 |
          Lair |   7620 |   7143 |    477 |   1093 |   3542 |   6 | 1270.0 |
  Orcish Mines |     15 |     15 |      0 |      0 |      0 |   1 |   15.0 |
        Bailey |    939 |    939 |      0 |    369 |     91 |   1 |  939.0 |
               +--------+--------+--------+--------+--------+-----+--------+

Top non-repeatable levels by time:
     D:9: 4132 daAuts
  Lair:5: 1867 daAuts
     D:5: 1694 daAuts
     D:7: 1606 daAuts
  Lair:3: 1320 daAuts
     D:3: 1148 daAuts
  Lair:2: 1139 daAuts
  Lair:6: 1128 daAuts
     D:8: 1119 daAuts
  Lair:1: 1100 daAuts
     D:2: 1100 daAuts
  Lair:4: 1063 daAuts
     D:6: 971 daAuts
     D:1: 945 daAuts
  Bailey: 939 daAuts
